← All builds
Suicide front / Armada / Factory first / OBSERVED BUILD

Standard suicide front

Armada Suicide front build order · Supreme Isthmus

The role's baseline: Bot Lab at 0:21 then straight into reclaim-fed T1 bot production to contest the middle and hold until T2 arrives, with an Advanced Metal Extractor around 9:45.

#rush · 2038 distinct matches · 233 players · 72% of Armada Suicide front games · team won 59% of 2418 · Recently observed

HOW TO PLAY IT

Key timing: Bot Lab by 0:20

  1. Open with mex and lab-first to get Bot Lab up by 0:20.
  2. Expand mex and wind while lab pumps units toward middle.
  3. Push Sentry and early Rocketeer, Centurion to contest middle.
  4. Get T2 constructor out once Pond's boost lets you spare metal.
  5. Upgrade mex to Advanced Metal Extractor as you transition off T1 spam.

Phase by phase

TYPICAL OF ITS 2038 GAMES
  1. 1
  2. 2
  3. 3
PLAY THE OPENING

Follow the example game's first 6:00 step by step: what to build now, what comes next, and where it goes. At 1× it keeps pace with your own game.

  1. 1

    Bot Lab first

    Order
    1. Bot LabBot Lab done ~0:24, middle half 0:20–0:33

    Some games also: mex (44%)

  2. 2

    Bot Lab to 5:00

    Economy
    • Metal Extractor5Mex
    • Wind Turbine4Wind
    Builders
    • Construction Bot3 Con bot
    • Lazarus2 Lazarus
    Army
    • Sentry4 Sentry
    • Rocketeer16 Rocketeer
    • Tick2 Tick
    • Centurion1 Centurion
    Other
    • Radar Tower1 Radar Tower

    Some games also: pawn (38%) · con turret (34%)

    By 5:00 in all: 5 mex · 4 wind

    The example game in this phase · 40 steps
    1. Construction BotCon bot
    2. Wind ×2
    3. Construction BotCon bot
    4. Mex
    5. TickTick
    6. Mex
    7. LazarusLazarus
    8. SentrySentry
    9. Construction BotCon bot ×2
    10. Mex
    11. MaceMace
    12. Mex
    13. MaceMace ×2
    14. Wind
    15. MaceMace ×2
    16. SentrySentry
    17. RocketeerRocketeer
    18. Wind
    19. RocketeerRocketeer
    20. Con turret
    21. Mex
    22. RocketeerRocketeer
    23. Wind
    24. RocketeerRocketeer
    25. Wind
    26. RocketeerRocketeer ×3
    27. Wind
    28. BeamerBeamer
    29. RocketeerRocketeer ×2
    30. Wind
    31. RocketeerRocketeer ×2
    32. Radar TowerRadar Tower
    33. RocketeerRocketeer
    34. Wind
    35. RocketeerRocketeer ×2
    36. Wind
    37. RocketeerRocketeer
    38. OverwatchOverwatch
    39. RocketeerRocketeer ×2
    40. Con turret
  3. 3

    5:00 to 10:00

    Economy
    • Metal Extractor1Mex
    • Wind Turbine15Wind
    Builders
    • Construction Turret2 Con turret
    • Lazarus2 Lazarus
    • Construction Bot1 Con bot
    Army
    • Sentry1 Sentry
    • Rocketeer8 Rocketeer

    Some games also: pawn (49%) · Radar Tower (46%) · tick (45%) · centurion (44%) · energy storage (43%) · eat Bot Lab (31%)

    By 10:00 in all: 6 mex · 21 wind · 1 energy storage · 2 con turret

    The example game in this phase · 249 steps
    1. RocketeerRocketeer ×3
    2. Con turret
    3. RocketeerRocketeer ×2
    4. GauntletGauntletdone 6:53
    5. RocketeerRocketeer ×2
    6. Mex
    7. RocketeerRocketeer
    8. Mex
    9. Wind
    10. TickTick
    11. Wind
    12. RocketeerRocketeer
    13. Wind
    14. RocketeerRocketeer ×2
    15. Wind
    16. RocketeerRocketeer
    17. Wind
    18. RocketeerRocketeer
    19. Mex
    20. Wind
    21. RocketeerRocketeer
    22. Wind
    23. RocketeerRocketeer
    24. PawnPawn
    25. Wind
    26. TickTick
    27. PawnPawn
    28. Wind
    29. PawnPawn
    30. Energy storage
    31. Wind
    32. PawnPawn
    33. Con turret ×2
    34. SentrySentry
    35. PawnPawn
    36. Converter
    37. SentrySentry
    38. Con turret ×2
    39. PawnPawn
    40. SentrySentry
    41. PawnPawn
    42. Converter
    43. PawnPawn
    44. Mex
    45. Converter
    46. PawnPawn
    47. Converter
    48. PawnPawn ×4
    49. TickTick
    50. PawnPawn
    51. Con turret
    52. PawnPawn ×3
    53. Construction BotCon bot
    54. PawnPawn ×3
    55. NettleNettle
    56. Con turret
    57. PawnPawn ×3
    58. NettleNettle
    59. PawnPawn ×2
    60. Wind
    61. Radar TowerRadar Tower
    62. PawnPawn
    63. Vehicle PlantVehicle Plantdone 9:41
    64. Wind
    65. TickTick
    66. Wind
    67. TickTick ×2
    68. Wind
    69. TickTick ×2
    70. Converter ×2
    71. Wind
    72. BlitzBlitz
    73. Wind
    74. BlitzBlitz
    75. Wind ×2
    76. BlitzBlitz
    77. Wind
    78. BlitzBlitz
    79. Wind
    80. BlitzBlitz
    81. Wind
    82. BlitzBlitz
    83. Wind
    84. BlitzBlitz
    85. Converter
    86. BlitzBlitz
    87. Converter
    88. BlitzBlitz ×2
    89. Wind ×2
    90. BlitzBlitz
    91. Wind
    92. BlitzBlitz
    93. Wind
    94. BlitzBlitz
    95. Wind
    96. BlitzBlitz
    97. Wind
    98. Converter
    99. BlitzBlitz
    100. Wind
    101. BlitzBlitz
    102. Wind ×2
    103. BlitzBlitz
    104. Wind
    105. Sneaky PeteSneaky Pete
    106. Wind ×2
    107. BlitzBlitz
    108. Wind ×3
    109. Converter
    110. BlitzBlitz
    111. Converter
    112. Wind
    113. BlitzBlitz
    114. Wind ×2
    115. TickTick
    116. Wind
    117. TickTick ×2
    118. Dragon's TeethDragon's Teeth
    119. Wind
    120. TickTick
    121. Dragon's TeethDragon's Teeth
    122. TickTick
    123. Wind
    124. Dragon's TeethDragon's Teeth
    125. TickTick
    126. Dragon's TeethDragon's Teeth
    127. TickTick
    128. Wind
    129. TickTick
    130. Dragon's TeethDragon's Teeth
    131. Wind
    132. TickTick ×2
    133. Dragon's TeethDragon's Teeth
    134. Converter
    135. TickTick
    136. Dragon's TeethDragon's Teeth
    137. TickTick
    138. Dragon's TeethDragon's Teeth
    139. TickTick
    140. Converter
    141. TickTick
    142. Dragon's TeethDragon's Teeth
    143. TickTick
    144. Dragon's TeethDragon's Teeth
    145. TickTick
    146. Wind
    147. TickTick
    148. Dragon's TeethDragon's Teeth
    149. Wind
    150. TickTick
    151. Dragon's TeethDragon's Teeth
    152. TickTick
    153. Wind
    154. TickTick
    155. Dragon's TeethDragon's Teeth
    156. TickTick
    157. Wind
    158. Dragon's TeethDragon's Teeth
    159. TickTick ×2
    160. Dragon's TeethDragon's Teeth
    161. TickTick
    162. Advanced Metal ExtractorT2 mexdone 12:44 · typical 9:46
    163. TickTick
    164. Wind
    165. Dragon's TeethDragon's Teeth
    166. TickTick ×3
    167. Wind
    168. Dragon's TeethDragon's Teeth
    169. TickTick ×2
    170. Dragon's TeethDragon's Teeth
    171. Wind
    172. Dragon's TeethDragon's Teeth
    173. Wind
    174. TickTick
    175. Converter
    176. TickTick
    177. Converter
    178. TickTick ×2
    179. Wind
    180. TickTick ×2
    181. Wind
    182. TickTick ×2
    183. Advanced Metal ExtractorT2 mex
    184. Wind
    185. TickTick
    186. Wind
    187. TickTick
    188. Wind
    189. TickTick
    190. Wind ×3
    191. TickTick
    192. Advanced Metal ExtractorT2 mex
    193. Converter
    194. TickTick
    195. Converter
    196. Wind
    197. TickTick
    198. Wind
    199. Con turret
    200. Wind
    201. TickTick
    202. Wind
    203. Advanced Metal ExtractorT2 mex
    204. Wind ×2
    205. TickTick
    206. Wind
    207. Converter
    208. Wind
    209. TickTick
    210. Wind ×2
    211. TickTick
    212. Wind
    213. Dragon's TeethDragon's Teeth ×2
    214. Advanced Metal ExtractorT2 mex
    215. Wind
    216. Dragon's TeethDragon's Teeth
    217. Wind
    218. Dragon's TeethDragon's Teeth ×2
    219. Wind
    220. TickTick
    221. Dragon's TeethDragon's Teeth
    222. Wind
    223. Dragon's TeethDragon's Teeth
    224. TickTick
    225. Wind
    226. Dragon's TeethDragon's Teeth
    227. TickTick
    228. Wind
    229. TickTick ×2
    230. Dragon's TeethDragon's Teeth
    231. Wind
    232. TickTick
    233. Dragon's TeethDragon's Teeth
    234. Wind
    235. Dragon's TeethDragon's Teeth
    236. Wind
    237. RattlesnakeRattlesnakenot finished by 15:00
    238. Dragon's TeethDragon's Teeth
    239. Wind
    240. Dragon's TeethDragon's Teeth
    241. Wind
    242. Converter
    243. Dragon's TeethDragon's Teeth
    244. Wind
    245. Dragon's TeethDragon's Teeth
    246. Wind
    247. Dragon's TeethDragon's Teeth
    248. Wind
    249. Dragon's TeethDragon's Teeth

Counts are medians over the build's games: half of them build more, half fewer. The example game is _[BOBO]_'s (35 OS, 12/09/2026); pick another.

Team trades

IN AT LEAST 30% OF ITS GAMES

You hand over

Nothing regular.

You get

  • Tidal Generator4 Tidal from Pondfirst at 0:11 · in 68% of games
  • Advanced Construction Bot1 T2 con bot from Geo or Techfirst at 7:41 · in 57% of games

How it plays out

Typical game of this build, running totals by minute

Metal produced

010k20k
0:005:0010:0015:00

metal

Enemy metal destroyed

05k10k
0:005:0010:0015:00

metal

Own metal lost

05k10k
0:005:0010:0015:00

metal

2418 games.

Show as table
ByMetal produced: This buildEnemy metal destroyed: This buildOwn metal lost: This build
1:0023000
2:0088700
3:002009184130
4:003109644501
5:0041821350999
6:00534721831707
7:00653930542589
8:00775539383499
9:00904046924371
10:001041053125156
11:001188858565965
12:001357864016685
13:001539668707455
14:001730275038213
15:001925781138994
WHAT THE NUMBERS SAY

Standard Suicide front play wins a bit over half its games while taking the heaviest own losses of any role by 15:00.

  • + Produces 20142 metal by 15:00, highest of the front roles.
  • + First kill by 2:01 in all games, fastest contest of middle.
  • − Own metal lost hits 9178 by 15:00, more than enemy metal destroyed.
  • − Only 34% Rocketeer share shows army spread thin across many bot types.
THE EXAMPLE YOU ARE READING

_[BOBO]_

34.6 OS · 12/09/2026

Open source match ↗

6 received units · includes a constructor
448 metal received · 42304 energy received

Allied construction assistance is unknown. Timings are observations, not a promise of solo reproducibility.

Typical milestones

Bot Lab0:24Middle 50%: 0:20–0:33 · n=2410
Advanced Metal Extractor9:46Middle 50%: 8:50–10:58 · n=1749

Played most by

_X_264games of this buildPlatinumBlonde188games of this buildXad166games of this buildTrapCaT109games of this buildSoliloqueur81games of this build
Standard suicide front · Armada Suicide front build order · BAR Build Atlas